 Dungeon Crawl Stone Soup version 0.30-a0-883-g5ad918d77d (webtiles) character file.

Game seed: 6475508381462889617

27 gelatine the Firebug (level 2, -1/20 HPs)
             Began as a Demonspawn Fire Elementalist on Mar 15, 2023.
             Slain by a gnoll
             ... wielding a +0 flail
              (8 damage)
             ... on level 1 of the Dungeon.
             The game lasted 00:03:23 (1196 turns).

gelatine the Firebug (Demonspawn Fire Elementalist) Turns: 1196, Time: 00:03:23

Health: -1/20      AC:  4    Str:  8    XL:     2   Next: 93%
Magic:  3/5        EV: 11    Int: 16    God:
Gold:   86         SH:  0    Dex: 13    Spells: 4/5 levels left

rFire   . . .      SeeInvis .    n - +0 hand axe
rCold   . . .      Faith    .    (no shield)
rNeg    . . .      Spirit   .    e - +0 leather armour
rPois   .          Reflect  .    (no helmet)
rElec   .          Rampage  .    (no cloak)
rCorr   .                        h - +0 pair of gloves
Will    .....                    (no boots)
Stlth   ++                       (no amulet)
HPRegen 0.23/turn                (no ring)
MPRegen 0.09/turn                (no ring)

@: very slightly contaminated
A: demonic magic 1
a: no special abilities


You were on level 1 of the Dungeon.
You visited 1 branch of the dungeon, and saw 2 of its levels.

You collected 86 gold pieces.

Inventory:

Hand Weapons
 d - a +0 short sword
 n - a +0 hand axe (weapon)
Armour
 a - a +0 robe
 e - a +0 leather armour (worn)
 h - a +0 pair of gloves (worn)
Jewellery
 j - an amulet of faith
Scrolls
 c - a scroll of enchant armour {unknown}
 g - 2 scrolls of noise {unknown}
 k - a scroll of torment {unknown}
 l - a scroll of fog {unknown}
 m - a scroll of immolation {unknown}
Potions
 b - a potion of magic
 f - a potion of ambrosia
 i - a potion of degeneration {unknown}


   Skills:
 * Level 0.6 Fighting
 + Level 0.4 Short Blades
 * Level 0.5 Armour
 * Level 1.8 Dodging
 + Level 1.8 Stealth
 + Level 2.0 Spellcasting
 * Level 1.4 Conjurations
 * Level 3.1 Fire Magic


You had 4 spell levels left.
You knew the following spells:

 Your Spells              Type           Power      Damage    Failure   Level
a - Foxfire               Conj/Fire      32%        2x1d5     12%         1

Your spell library contained the following spells:

 Spells                   Type           Power      Damage    Failure   Level
 Scorch                   Fire           22%        2d6       12%         2
 Apportation              Tloc           2%         N/A       28%         1
 Sublimation of Blood     Necr           1%         N/A       41%         2
 Wereblood                Tmut           1%         N/A       41%         2
 Inner Flame              Hex/Fire       6%         N/A       43%         3
 Kindle Blastsparks       Fire/Tloc/Air  8%         2d10      50%         3
 Flame Wave               Conj/Fire      8%         2d5       75%         4
 Alistair's Intoxication  Tmut/Pois      0%         N/A       100%        5
 Summon Hydra             Summ           0%         N/A       100%        7


Dungeon Overview and Level Annotations

Branches:
Dungeon (2/15)

Altars:


Innate Abilities, Weirdness & Mutations

Spells you cast may paralyse adjacent enemies.


Message History

The goblin shouts!
You miscast Foxfire.
You are very lightly contaminated with residual magic.
Nothing appears to happen.
You conjure some foxfire!
Malevolent energies surge around you.
The foxfire hits the goblin.
You kill the goblin!
Your magical contamination has completely faded away.
You now have 86 gold pieces (gained 12).
You see here a +0 club.
Done exploring.
Search for what [? for help]? axe You see here a +0 hand axe.
n - a +0 hand axe (weapon)
Done exploring.
Done exploring.
There is a stone staircase leading down here.
You climb downwards.
The gnoll shouts! x3; You hear a shout!
There is a stone staircase leading up here.
The gnoll throws a throwing net.
The throwing net closely misses you. The gnoll hits you with a +0 flail!
You climb upwards.
There is a stone staircase leading down here.
You miscast Foxfire.
You are very lightly contaminated with residual magic.
Nothing appears to happen.
The gnoll barely misses you.
You conjure some foxfire!
Malevolent energies surge around you. The gnoll hits you with a +0 flail!
* * * LOW HITPOINT WARNING * * *
You hit the gnoll but do no damage.
The foxfire hits the gnoll but does no damage.
The gnoll barely misses you.
The foxfire hits the gnoll.
The gnoll is lightly wounded.
The gnoll barely misses you.
You closely miss the gnoll.
The gnoll is lightly wounded.
The gnoll hits you with a +0 flail!
You die...

..............#
..............####
#.###............#######
...##...#..............#
#..#....#.###.##.#####.#
#.........# #.##.# #.#
#..#....### #.##.# #.#
#..#....# #.##.# #.#
#..#....# #.##@#####.####
....#...#####.##g>ยง.......#
#..###..##....########..#.#
#...#.#.###############.#.#
##.#....#.#.#.#.#.#.#.#...#
#.#..##...............##.#
#.#..#......#..........#.#
#....##.......#.......##.#
###..#.....#....#......#.#


You could see a gnoll.

Vanquished Creatures
  3 ball pythons (D:1)
  2 endoplasms (D:1)
  2 giant cockroaches (D:1)
  3 goblins (D:1)
  A hobgoblin (D:1)
  4 jackals (D:1)
  3 kobolds (D:1)
  2 bats (D:1)
  A frilled lizard (D:1)
21 creatures vanquished.

Vanquished Creatures (others)
  48 foxfires (D:1)
48 creatures vanquished.

Grand Total: 69 creatures vanquished

Notes
Turn   | Place    | Note
-------+----------+-------------------------------------------
     0 | D:1      | gelatine the Demonspawn Fire Elementalist began the quest
                  | for the Orb.
     0 | D:1      | Reached XP level 1. HP: 13/13 MP: 3/3
   236 | D:1      | Reached skill level 3 in Fire Magic
   323 | D:1      | Gained mutation: Spells you cast may paralyse adjacent
                  | enemies. [demonic ancestry]
   323 | D:1      | Reached XP level 2. HP: 20/20 MP: 5/5
  1196 | D:1      | Slain by a gnoll

Illustrated notes

Levels and vault maps discovered:
D:1:      co_arrival_square_in_a_square_in_a_square, layout_loops_ring
D:2:      layout_rooms, basic_altar, ebering_ecumenical_altar_abandoned

Skill      XL: |  1 |
---------------+----+-----
Fire Magic     | 3 |  3.1
Fighting       | |  0.6
Short Blades   | |  0.4
Armour         | |  0.5
Dodging        | |  1.8
Stealth        | |  1.8
Spellcasting   | |  2.0
Conjurations   | |  1.4

Action                     || total
---------------------------++-------
  Melee: Short sword       ||    57
         Hand axe          ||     2
         Punch             ||     1
   Cast: Foxfire           ||    33
    Use: Potion            ||     1
   Stab: Paralysed         ||     2
 Armour: Leather armour    ||    19
  Dodge: Dodged            ||    43

Table legend: (Time is in decaauts)
 A = Elapsed time spent in this place.
 B = Non-inter-level travel time spent in this place.
 C = Inter-level travel time spent in this place.
 D = Time resting spent in this place.
 E = Time spent auto-exploring this place.
 F = Levels seen in this place.
 G = Mean time per level.
                   A        B        C        D        E       F      G
               +--------+--------+--------+--------+--------+-----+--------+
         Total |   1195 |   1159 |     36 |      0 |    930 |   2 |  597.5 |
       Dungeon |   1195 |   1159 |     36 |      0 |    930 |   2 |  597.5 |
               +--------+--------+--------+--------+--------+-----+--------+

Top non-repeatable levels by time:
     D:1: 1193 daAuts
     D:2: 1 daAuts
